 Dungeon Crawl Stone Soup version 0.31.0-12-g77e489cdc1 (webtiles) character file.

Game seed: 16851216414828764122

37 Gadfly the Covered (level 3, -1/45 HPs)
             Began as an Armataur Fighter on Feb 28, 2024.
             Slain by a goblin
             ... wielding a +0 club
             ... led by Robin
              (3 damage)
             ... on level 2 of the Dungeon.
             The game lasted 00:01:16 (991 turns).

Gadfly the Covered (Armataur Fighter)                Turns: 991, Time: 00:01:17

Health: -1/45      AC: 21    Str: 21    XL:     3   Next: 23%
Magic:  3/3        EV:  1    Int:  8    God:
Gold:   39         SH:  4    Dex: 11    Spells: 2/2 levels left

rFire   . . .        a - +0 flail
rCold   + . .        c - +0 buckler
rNeg    . . .        e - melded +0 plate armour
rPois   +            (helmet currently unavailable)
rElec   .            f - melded +0 cloak
rCorr   .            (gloves currently unavailable)
SInv    .            (no barding)
Will    .....        (no amulet)
Stlth   +            h - ring of protection from cold
HPRegen 0.27/turn    (no ring)
MPRegen 0.08/turn

%: roll
@: mighty, tree-form
A: stationary, stasis, torment immunity, boosted hp, large, (deformed body),
(tough skin 3), (armoured tail), roll 1
a: no special abilities


You were on level 2 of the Dungeon.
You were a tree.
You visited 1 branch of the dungeon, and saw 2 of its levels.

You collected 39 gold pieces.

Inventory:

Hand Weapons
 a - a +0 flail (weapon)
Armour
 c - a +0 buckler (worn)
 e - a +0 plate armour (melded)
 f - a +0 cloak (melded)
Jewellery
 h - a ring of protection from cold (left branch)
Potions
 d - a potion of might


   Skills:
 + Level 2.8 Fighting
 * Level 2.1 Maces & Flails
 + Level 3.8 Armour
 + Level 3.5 Shields
 * Level 1.2 Invocations
 * Level 1.0 Evocations


You had 2 spell levels left.
You didn't know any spells.
Your spell library contained the following spells:

 Spells                   Type           Power      Damage    Failure   Level
 Magic Dart               Conj           0%         1d3       47%         1
 Blink                    Tloc           0%         N/A       63%         2
 Call Imp                 Summ           0%         N/A       63%         2


Dungeon Overview and Level Annotations

Branches:
Dungeon (2/15)

Altars:

Annotations:
D:2 Robin


Innate Abilities, Weirdness & Mutations

You are a tree.
Your roots penetrate the ground, keeping you stationary.
You cannot be teleported.
You are immune to unholy pain and torment.
Your maximum health is greatly increased.
Your equipment is partially melded.
((Armour fits poorly on your strangely shaped body.))
((You have extremely tough skin. (AC +3)))
((You have a long armoured tail.))
You regenerate magic when rolling toward enemies. (Rampage MPRegen)


Message History

The hobgoblin hits you but does no damage.
You block the hobgoblin's attack.
You closely miss the goblin. The hobgoblin hits you.
* * * LOW HITPOINT WARNING * * *
The goblin hits you but does no damage. You block the goblin's attack.
The hobgoblin hits you but does no damage.
The goblin hits you but does no damage. You block the hobgoblin's attack.
Unknown command.
You sock the goblin!
You kill the goblin!
The bat hits you but does no damage. The goblin hits you with a +0 club.
* * * LOW HITPOINT WARNING * * *
The hobgoblin hits you but does no damage.
The goblin hits you with a +0 club.
* * * LOW HITPOINT WARNING * * *
The hobgoblin hits you.
* * * LOW HITPOINT WARNING * * *
The hobgoblin hits you but does no damage.
You aren't carrying any scrolls.
You sock the hobgoblin!
You kill the hobgoblin!
The bat hits you but does no damage. You block the goblin's attack.
The goblin hits you with a +0 club.
* * * LOW HITPOINT WARNING * * *
The hobgoblin hits you but does no damage.
The goblin hits you but does no damage. You block the hobgoblin's attack.
You barely miss the hobgoblin. The bat hits you but does no damage.
The goblin hits you but does no damage. x2
The hobgoblin hits you but does no damage.
The goblin hits you but does no damage.
The hobgoblin hits you but does no damage.
The goblin hits you but does no damage. x2; Robin throws the goblin at you!
The hobgoblin hits you but does no damage.
The goblin hits you but does no damage. You block the hobgoblin's attack.
You sock the hobgoblin!
You kill the hobgoblin!
You block the goblin's attack. The goblin hits you with a +0 club.
* * * LOW HITPOINT WARNING * * *
The goblin hits you but does no damage. The goblin hits you with a +0 club.
You die...

..... ... ...
.l. #S# #K#
#######g#####
#....bg♣gg..#
#.....ggg...#
#......rg...#
#...........#
#......)....#
##.........##
#.........#
#.........#


You could see Robin, an adder, 3 hobgoblins, 4 goblins, a bat, a kobold, a
frilled lizard and a rat.

Vanquished Creatures
  An adder (D:2)
  A bat (D:1)
  6 endoplasms (D:1)
  A giant cockroach (D:1)
  3 goblins
  4 hobgoblins
  2 quokkas
  3 ball pythons
  A frilled lizard (D:1)
  A kobold (D:1)
  2 rats
25 creatures vanquished.

Notes
Turn   | Place    | Note
-------+----------+-------------------------------------------
     0 | D:1      | Gadfly the Armataur Fighter began the quest for the Orb.
     0 | D:1      | Reached XP level 1. HP: 18/18 MP: 1/1
   254 | D:1      | Reached XP level 2. HP: 23/25 MP: 2/2
   650 | D:1      | Reached skill level 1 in Invocations
   976 | D:2      | Reached skill level 1 in Evocations
   976 | D:2      | Reached XP level 3. HP: 30/30 MP: 3/3
   981 | D:2      | Noticed Robin
   991 | D:2      | HP: 2/45 [goblin/+0 club[Robin] (2)]
   991 | D:2      | Slain by a goblin

Illustrated notes

Levels and vault maps discovered:
D:1:      matt_arrival_grand_opening, layout_loops_ring
D:2:      layout_basic, basic_altar, uniq_sigmund, uniq_robin

Skill      XL: |  1  2 |
---------------+-------+-----
Maces & Flails | 2 |  2.1
Invocations    | 1 |  1.2
Evocations     | 1 |  1.0
Fighting       | |  2.8
Armour         | |  3.8
Shields        | |  3.5

Action                     || total
---------------------------++-------
  Melee: Flail             ||    62
         Tailslap          ||     4
    Use: Scroll            ||     4
         Potion            ||     2
 Armour: Scale mail        ||    18
         Plate armour      ||    42
         Skin              ||    38
  Dodge: Dodged            ||    16
  Block: Buckler           ||    19
